 Dungeon Crawl Stone Soup version 0.27.0-1-g7a089689b8 (webtiles) character file.

Game seed: 5172362581625137830

13484 dtburroughs the Fighter (level 11, -6/101 HPs)
             Began as a Minotaur Berserker on Aug 7, 2021.
             Was an Elder of Trog.
             Mangled by a phantasmal warrior (27 damage)
             ... led by a death knight
             ... on level 13 of the Dungeon.
             The game lasted 00:23:45 (12296 turns).

dtburroughs the Fighter (Minotaur Berserker)       Turns: 12296, Time: 00:23:45

Health: -6/101     AC: 18    Str: 22    XL:     11   Next: 76%
Magic:  10/10      EV: 12    Int:  7    God:    Trog [****..]
Gold:   133        SH: 10    Dex:  7    Spells: 10/10 levels left

rFire    . . .     SeeInvis .   C - +0 broad axe
rCold    . . .     Faith    .   v - +0 buckler
rNeg     + + +     Spirit   .   L - +0 plate armour
rPois    .         Reflect  +   j - +2 hat
rElec    +         Harm     .   (no cloak)
rCorr    +         Rampage  .   o - +0 pair of gloves
Will     +....                  (no boots)
Stlth    ..........             D - amulet of reflection
HPRegen  0.26/turn              t - ring "Nuckol" {Fly Will++ rCorr Dex-3}
MPRegen  0.12/turn              n - ring of Rod Toaj {Contam rElec rN+++ rCorr EV+4}

@: weak-willed, marked, on berserk cooldown, flying, slowed, very slow
A: horns 2, retaliatory headbutt
a: Renounce Religion, Berserk, Trog's Hand, Brothers in Arms


You were on level 13 of the Dungeon.
You worshipped Trog.
Trog was greatly pleased with you.
You visited 1 branch of the dungeon, and saw 15 of its levels.

You collected 463 gold pieces.
You spent 330 gold pieces at shops.

Inventory:

Hand Weapons
 w - a +0 flail of protection
 C - a +0 broad axe (weapon)
 G - a +0 morningstar
Missiles
 B - a throwing net (quivered)
Armour
 j - a +2 hat (worn)
 o - a +0 pair of gloves (worn)
 v - a +0 buckler (worn)
 A - a +3 scale mail of fire resistance
 L - a +0 plate armour (worn)
Jewellery
 a - the amulet of Xirybyni {RegenMP Str+3 SInv}
   (You found it on level 7 of the Dungeon)

   [amulet of magic regeneration]

   It increases your rate of magic regeneration.
   Str:       It affects your strength (+3).
   SInv:      It lets you see invisible.
 h - a ring of see invisible
 n - the ring of Rod Toaj (right hand) {Contam rElec rN+++ rCorr EV+4}
   (You took it off a centaur on level 7 of the Dungeon)

   [ring of evasion]

   EV:        It affects your evasion (+4).
   rElec:     It insulates you from electricity.
   rN:        It renders you almost immune to negative energy.
   Contam:    It causes magical contamination when unequipped.
   rCorr:     It protects you from acid and corrosion.
 r - a ring of willpower
 t - the ring "Nuckol" (left hand) {Fly Will++ rCorr Dex-3}
   (You found it on level 7 of the Dungeon)

   [ring of flight]

   Dex:       It affects your dexterity (-3).
   Fly:       It grants you flight.
   rCorr:     It protects you from acid and corrosion.
   Will:      It greatly increases your willpower.
 u - the ring of Agafi {rElec rF+ EV+4 Int+3}
   (You took it off an orc on level 7 of the Dungeon)

   [ring of evasion]

   EV:        It affects your evasion (+4).
   Int:       It affects your intelligence (+3).
   rF:        It protects you from fire.
   rElec:     It insulates you from electricity.
 D - an amulet of reflection (around neck)
 E - an amulet of the acrobat
 I - an amulet of regeneration
Scrolls
 d - 5 scrolls of noise
 g - 2 scrolls of enchant weapon
 l - 4 scrolls of immolation
 m - a scroll of vulnerability {unknown}
 q - a scroll of magic mapping
 s - 2 scrolls of blinking {unknown}
 x - 2 scrolls of fear
 y - a scroll of fog {unknown}
 z - 2 scrolls of enchant armour {unknown}
 H - a scroll of teleportation {unknown}
 J - a scroll of torment {unknown}
Potions
 b - a potion of lignification {unknown}
 c - 3 potions of curing
 f - a potion of heal wounds
 i - a potion of berserk rage {unknown}
 k - 2 potions of flight {unknown}
 p - a potion of degeneration {unknown}
 K - 2 potions of might {unknown}
Miscellaneous
 e - a piece from Xom's chessboard (15/15)


   Skills:
 + Level 10.5 Fighting
 + Level 10.4 Axes
 + Level 10.2 Armour
 + Level 9.3 Dodging
 + Level 9.0 Shields
 + Level 5.6 Evocations


You had 10 spell levels left.
You didn't know any spells.
Your spell library was empty.

Dungeon Overview and Level Annotations

Branches:
Dungeon (15/15)            Temple (0/1) D:4             Orc (0/2) D:9
 Depths (0/5) D:15
   Lair: D:8-11      Vaults: D:13-14

Altars:
Dithmenos
Kikubaaqudgha
Sif Muna
Vehumet
Xom

Shops:
D:1 (   D:2 [   D:3 !   D:8 *=[(!

Annotations:
D:13 Urug


Innate Abilities, Weirdness & Mutations

You have a pair of horns on your head.
You reflexively headbutt those who attack you in melee.


Message History

You slash Urug!
Urug is lightly wounded.
You slash Urug!
Urug is heavily wounded.
You are no longer berserk.
You are exhausted.
You feel yourself slow down.
Urug hits you with a +4 long sword of flaming!
* * * LOW HITPOINT WARNING * * *
Urug burns you.
* * * LOW HITPOINT WARNING * * *
You hit Urug but do no damage.
Urug is heavily wounded.
The phantasmal warrior blinks!
Urug closely misses you. The phantasmal warrior hits you.
* * * LOW HITPOINT WARNING * * *
You block Urug's attack.
You slice Urug!! You headbutt Urug.
Urug is severely wounded.
You hit the phantasmal warrior. The phantasmal warrior hits you!
* * * LOW HITPOINT WARNING * * *
Urug screams, "All you harpies will die!"
You block Urug's attack.
A slime creature comes into view.
You hit Urug but do no damage.
Urug is severely wounded.
You hit the phantasmal warrior but do no damage.
The phantasmal warrior hits you but does no damage.
Urug barely misses you.
You block the phantasmal warrior's attack.
The slime creature hits you!
* * * LOW HITPOINT WARNING * * *
Urug mutters, "Sometimes I wonder if they all really are harpies."
Urug barely misses you.
You feel much better.
The phantasmal warrior completely misses you.
The slime creature hits you!
* * * LOW HITPOINT WARNING * * *
Urug closely misses you. The phantasmal warrior hits you!!
You die...

###### #....# #####
#####....#### #...#
#...........# #...#
#........$ยง.# #...#
#...[....W..#####...#
.#.....)##.......>...###
......W@).).........)..>
#.....Jo##..............
#.####..####............
# #..# #............
#.J# ############# ...#
...# ....#


You could see Urug, 2 slime creatures and a phantasmal warrior.

Vanquished Creatures
  Rupert (D:13)
  A hydra (D:7)
  A boulder beetle (D:7)
  Harold (D:8)
  A two-headed ogre (D:7)
  A death knight (D:13)
  A phantasmal warrior (D:13)
  Pikel (D:5)
  A deep elf pyromancer (D:12)
  A manticore (D:7)
  A cyclops (D:7)
  Psyche (D:8)
  A tengu conjurer (D:14)
  A vampire (D:9)
  A wraith (D:7)
  5 yaks (D:8)
  A water elemental (D:12)
  2 steam dragons (D:7)
  4 vampire mosquitoes (D:7)
  Edmund (D:5)
  A water moccasin (D:7)
  5 orc warriors
  An ice beast (D:7)
  3 sky beasts
  A necrophage (D:7)
  An ogre (D:6)
  3 centaurs
  3 phantoms
  A kobold brigand (D:7)
  3 bullfrogs
  2 scorpions
  6 killer bees
  2 howler monkeys
  A wight (D:7)
  2 centaur zombies
  A bullfrog zombie (D:6)
  4 bullfrog skeletons
  3 centaur skeletons (D:7)
  3 jellies
  2 hounds
  6 orc priests
  4 iguanas
  10 orc wizards
  2 killer bee zombies
  An ogre zombie (D:9)
  A howler monkey zombie (D:6)
  10 adders
  3 gnolls
  5 shadow imps
  3 white imps
  An ufetubus (D:6)
  3 adder skeletons (D:4)
  A dart slug (D:4)
  36 orcs
  6 bats
  9 endoplasms
  4 giant cockroaches
  5 hobgoblins
  6 jackals (D:4)
  3 quokkas
  3 ball pythons (D:3)
  5 frilled lizards
  8 goblins
  2 goblin zombies (D:9)
  3 kobolds
  3 orc skeletons (D:9)
  4 orc zombies (D:9)
  5 rats
228 creatures vanquished.

Vanquished Creatures (collateral kills)
  A two-headed ogre (D:13)
  A gargoyle (D:13)
  A wraith (D:13)
  A phantom (D:9)
  3 killer bees (D:9)
  An orc priest (D:9)
  2 orc wizards (D:9)
  5 ogre zombies (D:9)
  A goblin skeleton (D:9)
  3 goblin zombies (D:9)
  2 orc skeletons (D:9)
  4 orc zombies (D:9)
25 creatures vanquished.

Vanquished Creatures (others)
  A deep elf pyromancer (D:15)
  14 toadstools (D:9)
15 creatures vanquished.

Grand Total: 268 creatures vanquished

Notes
Turn   | Place    | Note
-------+----------+-------------------------------------------
     0 | D:1      | dtburroughs the Minotaur Berserker began the quest for the
                  | Orb.
     0 | D:1      | Reached XP level 1. HP: 19/19 MP: 0/0
   327 | D:1      | Reached XP level 2. HP: 4/27 MP: 1/1
   905 | D:1      | Found Demuce Unye's Weapon Emporium.
  1062 | D:2      | Found a faded altar of an unknown god.
  1076 | D:2      | Found Fuxkoi's Armour Shoppe.
  1099 | D:2      | Reached XP level 3. HP: 26/33 MP: 2/2
  1604 | D:2      | Reached ** piety under Trog
  1605 | D:2      | Reached XP level 4. HP: 27/41 MP: 3/3
  2203 | D:3      | Reached XP level 5. HP: 43/47 MP: 4/4
  2467 | D:3      | Found Fopt's Distillery.
  3164 | D:4      | Reached skill level 5 in Fighting
  3168 | D:4      | Reached skill level 5 in Axes
  3272 | D:4      | Reached *** piety under Trog
  3273 | D:4      | Reached XP level 6. HP: 39/56 MP: 5/5
  3405 | D:4      | Found an ancient bone altar of Kikubaaqudgha.
  3642 | D:4      | Found a staircase to the Ecumenical Temple.
  3767 | D:5      | Entered Level 5 of the Dungeon
  3779 | D:5      | Noticed Pikel
  3786 | D:5      | Noticed Edmund
  3788 | D:5      | Killed Pikel
  3789 | D:5      | Reached skill level 5 in Armour
  3789 | D:5      | Reached XP level 7. HP: 63/63 MP: 6/6
  3933 | D:5      | Killed Edmund
  3934 | D:5      | Reached skill level 5 in Dodging
  4773 | D:5      | Reached XP level 8. HP: 69/71 MP: 7/7
  5181 | D:6      | Found a shimmering altar of Xom.
  5309 | D:6      | Found a radiant altar of Vehumet.
  6227 | D:7      | Reached skill level 5 in Shields
  6240 | D:7      | Reached XP level 9. HP: 33/79 MP: 8/8
  6791 | D:7      | Reached skill level 1 in Evocations
  7020 | D:7      | Reached **** piety under Trog
  7550 | D:7      | Noticed a manticore
  7570 | D:7      | Killed a manticore
  7664 | D:7      | Reached XP level 10. HP: 58/90 MP: 9/9
  7813 | D:7      | Noticed a two-headed ogre
  7829 | D:7      | Killed a two-headed ogre
  7956 | D:7      | Identified the ring of Rod Toaj {Contam rElec rN+++ rCorr
                  | EV+4}
  7969 | D:7      | Noticed a cyclops
  7969 | D:7      | Noticed a boulder beetle
  7988 | D:7      | Killed a cyclops
  8108 | D:7      | Noticed a five-headed hydra
  8120 | D:7      | Killed a five-headed hydra
  8328 | D:7      | Identified the ring of Agafi {rElec rF+ EV+4 Int+3}
  8341 | D:7      | Killed a boulder beetle
  8546 | D:7      | Identified the amulet of Xirybyni {RegenMP Str+3 SInv}
  8555 | D:7      | Identified the ring "Nuckol" {Fly Will++ rCorr Dex-3}
  9096 | D:8      | Noticed Harold
  9111 | D:8      | Killed Harold
  9368 | D:8      | Found Cuutatwu's Distillery.
  9405 | D:8      | Reached XP level 11. HP: 80/97 MP: 10/10
  9519 | D:8      | Noticed Psyche
  9526 | D:8      | Killed Psyche
  9759 | D:8      | Found Rened's Jewellery Shop.
  9767 | D:8      | Bought an amulet of reflection for 330 gold pieces
  9800 | D:8      | Found Pocya's Antique Armour Shoppe.
  9840 | D:8      | Found Koxaebroji's Antique Weapon Shoppe.
  9916 | D:8      | Found a shimmering blue altar of Sif Muna.
 10048 | D:8      | Found Komayrgh's Assorted Antiques.
 11067 | D:9      | Found a staircase to the Orcish Mines.
 11121 | D:9      | Reached ***** piety under Trog
 11487 | D:9      | Found a shadowy altar of Dithmenos.
 11764 | D:10     | Entered Level 10 of the Dungeon
 11823 | D:10     | You are sucked into a shaft and drop 3 floors!
 11834 | D:12     | Noticed a deep elf pyromancer
 11849 | D:11     | Reached skill level 10 in Fighting
 11849 | D:11     | Reached skill level 5 in Evocations
 11862 | D:12     | Reached skill level 10 in Axes
 11895 | D:12     | Killed a deep elf pyromancer
 12095 | D:12     | You are sucked into a shaft and drop 3 floors!
 12095 | D:15     | Entered Level 15 of the Dungeon
 12103 | D:15     | Noticed a deep elf pyromancer
 12115 | D:15     | Killed a deep elf pyromancer
 12139 | D:14     | Received a gift from Trog
 12251 | D:13     | Noticed Rupert
 12257 | D:13     | Killed Rupert
 12258 | D:13     | Reached skill level 10 in Armour
 12266 | D:13     | Noticed a two-headed ogre
 12271 | D:13     | Noticed a phantasmal warrior
 12272 | D:13     | Killed a two-headed ogre
 12274 | D:13     | Noticed a death knight
 12274 | D:13     | Noticed a phantasmal warrior
 12280 | D:13     | Noticed Urug
 12281 | D:13     | Killed a death knight
 12288 | D:13     | Killed a phantasmal warrior
 12295 | D:13     | HP: 5/101 [slime creature (7)]
 12296 | D:13     | Mangled by a phantasmal warrior

Illustrated notes

Levels and vault maps discovered:
D:1:      tarquinn_simple_flora_water_f, layout_rooms, serial_shops,
          nicolae_shop_trees, chequers_serial_rivers_micro_a
D:2:      layout_loops_corners, ebering_ecumenical_altar_hall, serial_shops,
          shop
D:3:      layout_rooms, serial_shops, nicolae_shop_statue_plus,
          solitary_fountain, minivault_11, chequers_serial_rivers_micro_a
D:4:      layout_rooms, mainiacjoe_overflow_small_starburst,
          minmay_temple_entry_nine_rooms
D:5:      layout_loops_ring, uniq_edmund, uniq_pikel
D:6:      minmay_skewed_foursquare, layout_rooms,
          nicolae_overflow_crystal_walls, brannock_xom_greatest_gift
D:7:      minmay_the_grid_triangle_9x9_rhombus_full
          [minmay_the_grid_triangle_9x9_dagger,
          minmay_the_grid_triangle_9x9_from_above,
          minmay_the_grid_triangle_9x9_alien,
          minmay_the_grid_triangle_9x9_sprig,
          minmay_the_grid_triangle_9x9_pentomino_pain,
          minmay_the_grid_triangle_9x9_empty,
          minmay_the_grid_triangle_9x9_windchime,
          minmay_the_grid_triangle_9x9_prize_special], layout_basic
D:8:      layout_basic, kennysheep_mini_moat, serial_shops, shop,
          nicolae_inconvenience_store,
          nicolae_shop_temple_entry_statues_fountains, nicolae_diamond_shop,
          shop, chequers_decorated_corner, minmay_crossroads, uniq_psyche,
          uniq_harold
D:9:      layout_irregular_city, lemuel_crystal_altar, tgw_fedhas,
          zombieorc1_lemuel
D:10:     layout_long_grid, lemuel_doored_altar
D:11:     layout_irregular_city, lair_entry_dummy
D:12:     layout_basic, enter_bailey_4
D:13:     layout_basic, uniq_rupert, uniq_urug
D:14:     layout_loops_ring, erik_vaults_2, minivault_23,
          kennysheep_generic_room_6, uniq_nessos, uniq_azrael
D:15:     gammafunk_depths_entry_grave, layout_loops_corners, minivault_24,
          serial_shops, shop, nicolae_shop_statue_plus,
          nicolae_shop_behind_doors, shop, shop

Skill      XL: |  1  2  3  4  5  6  7  8  9 10 11 |
---------------+----------------------------------+-----
Fighting       | 4 5 6 7 8 9 10 | 10.5
Axes           | 4 5 6 7 8 9 10 | 10.4
Armour         | 3 4 5 6 8 9 10 | 10.2
Dodging        | 3 4 5 6 7 8 9 |  9.3
Shields        | 2 3 5 6 7 9 |  9.0
Evocations     | 3 4 5 |  5.6

Action                   |  1- 3 |  4- 6 |  7- 9 | 10-12 || total
-------------------------+-------+-------+-------+-------++-------
Melee: Hand axe          |    74 |   114 |       |       ||   188
       Headbutt          |     5 |    16 |    46 |    56 ||   123
       War axe           |       |    13 |    89 |       ||   102
       Broad axe         |       |       |   147 |   263 ||   410
       Flail             |       |       |       |     6 ||     6
Invok: Berserk           |     1 |     2 |     2 |     8 ||    13
       Trog's Hand       |       |     1 |     5 |     4 ||    10
       Brothers in Arms  |       |       |       |     2 ||     2
Evoke: Wand              |       |       |       |     3 ||     3
  Use: Scroll            |       |       |     5 |     4 ||     9
       Potion            |       |       |       |     1 ||     1
Armor: Animal skin       |     2 |       |       |       ||     2
       Chain mail        |    35 |    80 |   128 |    97 ||   340
       Plate armour      |       |       |       |    18 ||    18
Dodge: Dodged            |    36 |    60 |   132 |   154 ||   382
Block: Buckler           |       |     2 |    51 |   102 ||   155
